AoeStats
← ogipochi_

Arena

510242306Analyzed
3v3 RM · 2d ago on Sep 30, 2026· 48m 39s· 6 players
Game mode
Random Map
Map size
Normal (6 player)
Population
200
Speed
Normal
Resources
Standard
Victory
Conquest
Starting age
Dark Age
Ending age
Imperial Age
RankedLock teamsTeams togetherTeam positionsShared explorationLock speedFull tech treeHidden civsTurbo modeCheats
Victory
Defeat
🇯🇵 Khitans · Japan
763
+18
🇺🇸 Goths · United States
756
+18
🇧🇷 Byzantines · Brazil
727
+20
🇺🇸 Koreans · United States
813
-19
🇺🇸 Romans · United States
803
-19
🇺🇸 Goths · United States
787
-18
VToti1991
12:25 Feudal Age
14:04 Man-at-Arms
19:27 Castle Age
17:55 Horse Collar
19:35 Double-Bit Axe
24:14 Wheelbarrow
25:15 Hand Cart
24:34 Pikeman
26:03 Gold Mining
26:27 Bow Saw
26:21 Heavy Plow
26:34 Long Swordsman
27:15 Squires
29:24 Forging
29:15 Scale Mail Armor
33:21 Imperial Age
30:44 Loom
35:47 Capped Ram
35:54 Elite Huskarl
36:36 Perfusion
36:40 Two-Handed Swordsman
39:58 Iron Casting
39:39 Chain Mail Armor
39:32 Anarchy
42:39 Chemistry
42:05 Ballistics
42:37 Crop Rotation
42:16 Heavy Scorpion
killer ELBOSS
12:35 Feudal Age
17:36 Castle Age
15:52 Horse Collar
16:33 Double-Bit Axe
18:20 Heavy Plow
18:36 Bow Saw
19:07 Gold Mining
21:19 Wheelbarrow
23:06 Man-at-Arms
24:46 Scale Mail Armor
24:52 Long Swordsman
25:56 Chain Mail Armor
27:46 Gold Shaft Mining
29:14 Forging
36:21 Imperial Age
34:12 Hand Cart
34:00 Fletching
34:11 Padded Archer Armor
35:28 Ballistas
36:37 Bodkin Arrow
36:57 Leather Archer Armor
36:26 Heavy Scorpion
Xtrem Elite
12:30 Feudal Age
18:55 Castle Age
19:01 Loom
28:44 Imperial Age
27:12 Double-Bit Axe
27:41 Horse Collar
29:58 Bow Saw
30:51 Wheelbarrow
31:54 Fletching
32:46 Gold Mining
32:46 Stone Mining
34:22 Bodkin Arrow
37:14 Bracer
37:15 Scale Mail Armor
37:26 Forging
38:09 Man-at-Arms
39:14 Long Swordsman
41:00 Heavy Plow
41:21 Two-Handed Swordsman
45:15 Iron Casting
44:57 Chain Mail Armor
ogipochi_
9:18 Loom
11:46 Feudal Age
12:13 Double-Bit Axe
12:08 Domestication
12:19 Gold Mining
12:20 Stone Mining
12:23 Town Watch
13:21 Wheelbarrow
18:35 Castle Age
17:26 Forging
16:56 Man-at-Arms
17:58 Scale Mail Armor
18:14 Arson
19:51 Squires
20:27 Gambesons
22:45 Long Swordsman
28:46 Iron Casting
28:26 Chain Mail Armor
27:35 Pikeman
28:56 Pastoralism
29:13 Bow Saw
30:46 Hand Cart
34:05 Imperial Age
32:56 Town Watch
34:15 Lamellar Armor
34:50 Stone Shaft Mining
34:10 Capped Ram
35:13 Conscription
34:19 Two-Handed Swordsman
34:59 Champion
36:46 Siege Ram
38:09 Elite Liao Dao
41:48 Transhumance
44:03 Heavy Rocket Cart
Piping Hot Monkey Toilet
0:29 Loom
14:21 Feudal Age
15:42 Wheelbarrow
14:49 Horse Collar
14:59 Double-Bit Axe
18:02 Gold Mining
18:03 Stone Mining
22:44 Castle Age
25:08 Stone Shaft Mining
24:35 Heavy Plow
24:54 Bow Saw
29:52 Hand Cart
30:27 Anarchy
31:10 Squires
33:52 Forging
33:43 Scale Mail Armor
36:50 Imperial Age
35:54 Iron Casting
35:34 Chain Mail Armor
35:58 Man-at-Arms
35:59 Pikeman
37:10 Long Swordsman
37:10 Halberdier
37:16 Elite Huskarl
40:09 Blast Furnace
39:19 Perfusion
40:12 Conscription
43:17 Caravan
43:48 Coinage
43:28 Guilds
43:28 Two-Handed Swordsman
43:43 Champion
TH*[KL]
0:40 Loom
13:41 Feudal Age
15:36 Wheelbarrow
14:50 Double-Bit Axe
15:40 Horse Collar
23:19 Castle Age
21:49 Arson
22:15 Scale Barding Armor
24:23 Heavy Plow
24:17 Fletching
28:32 Pikeman
31:57 Imperial Age
29:47 Gold Mining
32:42 Bow Saw
32:59 Chain Barding Armor
32:36 Bodkin Arrow
33:13 Conscription
36:08 Hand Cart
36:51 Gold Shaft Mining
38:48 Onager
40:14 Block Printing
42:17 Illumination
43:20 Theocracy
43:48 Redemption
47:19 Fervor
48:41 Devotion
Connection lost

Rejoining the realm…

Still unreachable

The connection could not be restored.

Session expired

The server has moved on; the page needs a fresh start.